Match 45094949
Unlisted

Match 45094949
End
Construct Infanterie Kompanie
Kettenkrad Recon Vehicle
MG 42 Machine Gun Team
GrW 34 Mortar Team
MG 42 Bunker
Selects Italian Coastal Battlegroup
Selects Coastal Reserves
Construct Panzergrenadier Kompanie
Selects Support Bunkers
Pak 40 Anti-tank Gun Team
MG 42 Bunker
Mr.F
Elytzer
buiko17
ZyAcroQC
woodman(Psk)
Trungledoor
0
0

Comments sign in to comment!

No comments posted yet!